 Dungeon Crawl Stone Soup version 0.17.1-1-g73c8601 (webtiles) character file.

69 shmeve the Chucker (level 4, -2/42 HPs)
             Began as a Troll Hunter on Apr 18, 2016.
             Slain by Ijyb (4 damage)
             ... on level 2 of the Dungeon.
             The game lasted 00:05:11 (1350 turns).

shmeve the Chucker (Troll Hunter)                   Turns: 1350, Time: 00:05:11

Health: -2/42      AC:  5    Str: 21    XL:     4   Next: 2%
Magic:  3/3        EV: 10    Int:  7    God:
Gold:   81         SH:  0    Dex: 10    Spells: 0 memorised, 3 levels left

rFire  . . .     SeeInvis .     f - -1 whip
rCold  . . .     Clarity  .     b - +0 robe
rNeg   . . .     SustAt   .     (no shield)
rPois  .         Gourm    +     (helmet restricted)
rElec  .         Spirit   .     (no cloak)
rCorr  .         Warding  .     (gloves unavailable)
rMut   .         Stasis   .     (boots unavailable)
MR     .....                    (no amulet)
Stlth  +.........               (no ring)
                                (no ring)

@: not resistant to hostile enchantments, very unstealthy
A: unfitting armour, claws 3, fast metabolism 3, gourmand, regeneration 2,
shaggy fur 1, tough skin 2
a: no special abilities


You were on level 2 of the Dungeon.
You were full.

You visited 1 branch of the dungeon, and saw 2 of its levels.

You collected 81 gold pieces.

Inventory:

Hand Weapons
 f - a -1 whip (weapon)
Missiles
 c - 6 large rocks (quivered)
 d - 2 throwing nets
Armour
 b - a +0 robe (worn)
Scrolls
 h - a scroll of identify
 i - 2 scrolls of noise
Potions
 g - a potion of ambrosia {unknown}
 j - a potion of heal wounds {unknown}
 l - a potion of degeneration {unknown}
Comestibles
 a - a slice of pizza
 e - 3 bread rations


   Skills:
 * Level 2.1 Fighting
 * Level 1.4 Maces & Flails
 + Level 3.6 Throwing
 + Level 1.3 Armour
 * Level 2.2 Dodging
 - Level 0.4 Stealth


You had 3 spell levels left.
You didn't know any spells.

Dungeon Overview and Level Annotations

Branches:
Dungeon (2/15)

Altars:
Qazlal
Yredelemnul

Annotations:
D:2 Ijyb


Innate Abilities, Weirdness & Mutations

You are too large for most types of armour.
You have claws for hands.
Your metabolism is lightning-fast.
You like to eat raw meat.
You heal very quickly.
You are covered in fur (AC +1).
You have very tough skin (AC +2).


Message History

Ijyb screams, "I cut your head off!" Ijyb closely misses you.
The goblin hits you with a dagger.
* * * LOW HITPOINT WARNING * * *
The hobgoblin hits you but does no damage.
The hobgoblin closely misses you.
You barely miss Ijyb.
Ijyb is lightly wounded.
Ijyb closely misses you. The goblin hits you with a dagger.
* * * LOW HITPOINT WARNING * * *
The hobgoblin hits you but does no damage.
The hobgoblin hits you with a club.
* * * LOW HITPOINT WARNING * * *
You barely miss Ijyb.
Ijyb is lightly wounded.
Ijyb hits you but does no damage. The goblin hits you but does no damage.
The hobgoblin hits you but does no damage.
You hit Ijyb.
Ijyb is moderately wounded.
The hobgoblin closely misses you. Ijyb hits you.
You die...

.#. ... ....
..... ###
#####
.....#####...
#....
.......#.#.#.
.###
#.ggg......
#.. #@.# .#
#.#
#.####.g#.##.#
#.#
#....).......#
#.#
######..######
#.. #..# ##.
.>.# #) .#..#
#. ###..# #.
#..# #.


You could see Ijyb, 2 hobgoblins and a goblin.

Vanquished Creatures
  3 adders (D:2)
  A worm (D:2)
  A ball python (D:1)
  2 giant cockroaches
  3 goblins
  3 hobgoblins
  7 kobolds
  8 bats
  3 giant newts (D:1)
  6 jackals
  2 rats (D:1)
39 creatures vanquished.

Notes
Turn   | Place    | Note
--------------------------------------------------------------
     0 | D:1      | shmeve the Troll Hunter began the quest for the Orb.
     0 | D:1      | Reached XP level 1. HP: 19/19 MP: 0/0
   248 | D:1      | Reached XP level 2. HP: 26/28 MP: 1/1
   663 | D:1      | Reached skill level 1 in Maces & Flails
   839 | D:1      | Reached skill level 1 in Armour
   963 | D:2      | Reached XP level 3. HP: 26/35 MP: 2/2
  1025 | D:2      | Found a basalt altar of Yredelemnul.
  1034 | D:2      | Found a stormy altar of Qazlal.
  1300 | D:2      | Reached XP level 4. HP: 42/42 MP: 3/3
  1314 | D:2      | Noticed Ijyb
  1347 | D:2      | HP: 2/42 [goblin/dagger (3)]
  1350 | D:2      | Slain by Ijyb

Action                   |  1- 3 |  4- 6 || total
-------------------------+-------+-------++-------
Melee: Short sword       |    89 |       ||    89
       Whip              |    80 |    33 ||   113
Throw: Large rock        |     2 |       ||     2
  Use: Scroll            |     5 |       ||     5
  Eat: Chunk             |    16 |       ||    16
